 Dungeon Crawl Stone Soup version 0.23.2-1-ga50397a6bc (webtiles) character file.

Game seed: 510215086374582282

72 NochnoyZador the Cudgeler (level 4, -5/28 HPs)
             Began as a Gargoyle Fighter on May 3, 2019.
             Slain by a gnoll
             ... wielding a +0 spear
              (6 damage)
             ... on level 2 of the Dungeon.
             The game lasted 00:06:32 (1276 turns).

NochnoyZador the Cudgeler (Gargoyle Fighter)        Turns: 1276, Time: 00:06:32

Health: -5/28      AC: 10    Str: 20    XL:     4   Next: 26%
Magic:  4/4        EV:  7    Int:  8    God:
Gold:   104        SH: 11    Dex: 10    Spells: 3/3 levels left

rFire    . . .     SeeInvis .   a - +0 flail
rCold    . . .     Gourm    .   c - +0 shield
rNeg     + . .     Faith    .   b - +0 scale mail
rPois    ∞         Spirit   .   (no helmet)
rElec    +         Reflect  +   (no cloak)
rCorr    .         Harm     .   (no gloves)
MR       .....                  (no boots)
Stlth    ..........             i - +2 amulet of reflection
HPRegen  0.09/turn              (no ring)
MPRegen  0.09/turn              (no ring)

@: no status effects
A: negative energy resistance 1, electricity resistance, unbreathing,
petrification resistance, rot immunity, AC +3
a: no special abilities


You were on level 2 of the Dungeon.
You were not hungry.

You visited 1 branch of the dungeon, and saw 2 of its levels.

You collected 104 gold pieces.

Inventory:

Hand Weapons
 a - a +0 flail (weapon)
Missiles
 o - 5 silver tomahawks (quivered)
Armour
 b - a +0 scale mail (worn)
 c - a +0 shield (worn)
Jewellery
 i - a +2 amulet of reflection (around neck)
Scrolls
 e - a scroll of magic mapping {unknown}
 h - 3 scrolls of identify {unknown}
 l - 2 scrolls of blinking {unknown}
 m - a scroll of fog {unknown}
Potions
 d - a potion of might
 j - a potion of berserk rage {unknown}
 k - 2 potions of brilliance {unknown}
 n - a potion of magic {unknown}
 p - a potion of curing {unknown}
Comestibles
 f - 4 rations
 g - 5 chunks of flesh


   Skills:
 - Level 3.2 Fighting
 + Level 4.4 Maces & Flails
 - Level 3.2 Armour
 - Level 3.2 Shields


You had 3 spell levels left.
You didn't know any spells.
Your spell library was empty.

Dungeon Overview and Level Annotations

Branches:
Dungeon (2/15)

Altars:


Innate Abilities, Weirdness & Mutations

You are resistant to torment.
Your stone body is resilient. (AC +3)
You are immune to poison.
You resist negative energy. (rN+)
You are resistant to electric shocks. (rElec)
You can survive without breathing.
You are immune to petrification.
You are immune to rotting.


Message History

* * * LOW HITPOINT WARNING * * *
The gnoll barely misses you. You block the gnoll's attack.
You closely miss the gnoll.
The gnoll is moderately wounded.
The gnoll hits you with a cursed -3 club.
* * * LOW HITPOINT WARNING * * *
You block the gnoll's attack. The gnoll hits you but does no damage.
You hit the gnoll.
The gnoll is heavily wounded.
You block the gnoll's attack. x2
You thump the gnoll!
You kill the gnoll!
The gnoll closely misses you.
The gnoll hits you but does no damage. x2
Things that are here:
a cursed -3 club; a gnoll corpse You closely miss the gnoll.
The gnoll hits you with a +0 spear.
* * * LOW HITPOINT WARNING * * *
The gnoll hits you from afar with a +0 spear.
You die...

#.#.# #.......................#
##.#.####.......###############.#
...................(.....÷....>#
#.#.######...#..#.#########.#..#
##.#.# #....###..#.#.........#..#
...†.###....###..#.#.........#..#
##.#.....g.g.g.gg#.#....[....#..#
#g##.##....####g#.#.........#...
#g##.####### #@#.#.........#...
..g##.. #.#.#........##...
...###.# #.#.#........##... ...#
.# #.#.####.#######.# .... ..
#.#.##.........#.# ?#.# ..
##.#.#..........#.# .#.#
#....#..........#.. ##.#
#....#..........###
#....#......÷...#


You could see 2 gnolls and a goblin.

Vanquished Creatures
  A gnoll (D:2)
  2 adders (D:2)
  An ooze (D:2)
  A worm (D:2)
  3 dart slugs
  5 giant cockroaches
  A hobgoblin (D:1)
  2 kobolds
  2 quokkas (D:2)
  2 bats (D:2)
  A frilled lizard (D:2)
  6 goblins
  3 rats
30 creatures vanquished.

Notes
Turn   | Place    | Note
-------+----------+-------------------------------------------
     0 | D:1      | NochnoyZador the Gargoyle Fighter began the quest for the
                  | Orb.
     0 | D:1      | Reached XP level 1. HP: 14/14 MP: 1/1
   188 | D:1      | Reached XP level 2. HP: 19/19 MP: 2/2
   880 | D:2      | Reached skill level 3 in Maces & Flails
   958 | D:2      | Reached XP level 3. HP: 20/23 MP: 3/3
  1040 | D:2      | Reached skill level 4 in Maces & Flails
  1123 | D:2      | Reached XP level 4. HP: 28/28 MP: 4/4
  1276 | D:2      | HP: 1/28 [gnoll/+0 spear (2)]
  1276 | D:2      | Slain by a gnoll

Skill      XL: |  1  2  3 |
---------------+----------+-----
Maces & Flails | 3 4 |  4.4
Fighting       | |  3.2
Armour         | |  3.2
Shields        | |  3.2

Action                   |  1- 3 |  4- 6 || total
-------------------------+-------+-------++-------
Melee: Flail             |    87 |    21 ||   108
  Eat: Chunk             |     1 |       ||     1
Armor: Scale mail        |    37 |    12 ||    49
Dodge: Dodged            |    27 |     9 ||    36
Block: Shield            |    55 |    11 ||    66
       Reflection        |     2 |       ||     2
